 Dungeon Crawl Stone Soup version 0.28-a0-723-g095bd1b44f (webtiles) character file.

Game seed: 7808566580662593706

683 efjkekj the Vexing (level 7, 0/35 HPs)
             Began as a Spriggan Enchanter on Oct 26, 2021.
             Slain by a yak (16 damage)
             ... on level 5 of the Dungeon.
             The game lasted 00:09:47 (5146 turns).

efjkekj the Vexing (Spriggan Enchanter)             Turns: 5146, Time: 00:09:48

Health: 0/35       AC:  3    Str:  8    XL:     7   Next: 35%
Magic:  18/18      EV: 17    Int: 16    God:
Gold:   222        SH:  4    Dex: 16    Spells: 11/19 levels left

rFire   . . .      SeeInvis +   a - +2 dagger
rCold   . . .      Faith    .   (shield restricted)
rNeg    . . .      Spirit   .   b - +0 robe
rPois   .          Reflect  .   (helmet restricted)
rElec   .          Harm     .   g - +0 cloak
rCorr   .          Rampage  .   (gloves unavailable)
Will    +....                   (boots unavailable)
Stlth   +++.......              m - amulet of regeneration
HPRegen 1.11/turn               (no ring)
MPRegen 0.16/turn               (no ring)

@: marked, very quick
A: very small, no large weapons, unfitting armour, see invisible, speed 3, large
bone plates 1, robust 1, strong 1
a: no special abilities


You were on level 5 of the Dungeon.
You visited 1 branch of the dungeon, and saw 5 of its levels.

You collected 222 gold pieces.

Inventory:

Hand Weapons
 a - a +2 dagger (weapon)
Missiles
 e - a throwing net (quivered)
Armour
 b - a +0 robe (worn)
 g - a +0 cloak (worn)
Jewellery
 c - an amulet of magic regeneration
 m - an amulet of regeneration (around neck)
Wands
 i - a wand of charming (6)
 k - a wand of digging (4)
Scrolls
 h - a scroll of amnesia
 l - a scroll of fog
Potions
 d - 2 potions of lignification {unknown}
 f - a potion of might {unknown}
 j - 2 potions of curing


   Skills:
 - Level 1.1 Short Blades
 - Level 2.6 Dodging
 + Level 6.5 Stealth
 + Level 6.9 Spellcasting
 + Level 7.3 Hexes


You had 11 spell levels left.
You knew the following spells:

 Your Spells              Type           Power      Damage    Failure   Level
a - Ensorcelled Hibernat  Hex/Ice        34%        N/A       4%          2
b - Tukima's Dance        Hex            28%        N/A       1%          3
c - Dazzling Flash        Conj/Hex       34%        N/A       9%          3

Your spell library contained the following spells:

 Spells                   Type           Power      Damage    Failure   Level
 Confusing Touch          Hex            28%        N/A       1%          3
 Yara's Violent Unravell  Hex/Tmut       8%         3d5       61%         5
 Passage of Golubria      Tloc           5%         N/A       77%         4


Dungeon Overview and Level Annotations

Branches:
Dungeon (5/15)
 Temple: D:4-7

Altars:
Kikubaaqudgha
Sif Muna

Shops:
D:1 *   D:3 (   D:4 [


Innate Abilities, Weirdness & Mutations

You are very small and have problems with some larger weapons.
You are too small for most types of armour.
You have supernaturally acute eyesight. (SInv)
You cover ground extremely quickly. (Speed+++)
You are partially covered in large bone plates. (SH +4)
You are robust. (+10% HP)
Your muscles are strong. (Str +2)


Message History

You closely miss the orc. You block the orc's attack.
The bullfrog skeleton misses you.
The bullfrog skeleton sets off the alarm!
The alarm trap emits a blaring wail!
A sentinel's mark forms upon you.
You hear a shout! x9; You hear a bellow! x3
The orc hits you with a +0 dagger.
You see here an iguana corpse.
A yak comes into view. x2
Unknown command.
The bullfrog skeleton hits you.
You hit the bullfrog skeleton.
The bullfrog skeleton is moderately damaged.
You block the bullfrog skeleton's attack.
You hit the bullfrog skeleton.
The bullfrog skeleton is heavily damaged.
The bullfrog skeleton misses you.
A yak comes into view.
You barely miss the bullfrog skeleton.
The bullfrog skeleton is heavily damaged.
The bullfrog skeleton hits you.
You hit the bullfrog skeleton.
The bullfrog skeleton is heavily damaged.
The bullfrog skeleton hits you. x2
You hit the bullfrog skeleton but do no damage.
The bullfrog skeleton is heavily damaged.
The bullfrog skeleton hits you.
A yak comes into view.
The bullfrog skeleton misses you.
A yak comes into view.
The yak gores you!
As you read the scroll of fog, it crumbles to dust.
The scroll dissolves into smoke.
The yak gores you!
* * * LOW HITPOINT WARNING * * *
The yak closely misses you.
Unknown command.
Unknown command.
You feel better. The yak misses you. The yak closely misses you.
The yak gores you!
You die...

. #.###.# #.# #.### ##.#
#...### #..# ###...###
#.## ###...# #### ###.#
#.§### #.# ###### #.§§§##
#.# ...... ##.oY@§## #.#
..$... #.)§YYY§## #.#
((⌠[.. #..Zg§§§.####.#
..|... ###.........OY..#
......####........######.#
#######.)........## #.#
..o............### #.#
g............### #.#
........###### #.#


You could see 4 yaks, a gnoll, an orc and a bullfrog skeleton.

Vanquished Creatures
  A black bear (D:4)
  2 ogres (D:5)
  A water moccasin zombie (D:5)
  A water moccasin skeleton (D:4)
  2 hounds (D:4)
  2 orc priests (D:3)
  An iguana (D:5)
  2 orc wizards
  A hound skeleton (D:4)
  5 adders
  2 worms
  A dart slug (D:2)
  5 orcs
  2 endoplasms (D:1)
  A giant cockroach (D:2)
  11 goblins
  4 hobgoblins
  6 jackals
  7 kobolds
  3 quokkas
  5 ball pythons
  6 bats
  2 frilled lizards
  5 rats
78 creatures vanquished.

Notes
Turn   | Place    | Note
-------+----------+-------------------------------------------
     0 | D:1      | efjkekj the Spriggan Enchanter began the quest for the Orb.
     0 | D:1      | Reached XP level 1. HP: 9/9 MP: 5/5
   658 | D:1      | Found a faded altar of an unknown god.
   674 | D:1      | Reached skill level 4 in Hexes
   852 | D:1      | Reached XP level 2. HP: 5/13 MP: 7/7
   856 | D:1      | Learned a level 2 spell: Ensorcelled Hibernation
  1229 | D:1      | Found Kinufur's General Store.
  1321 | D:1      | You fall into a shaft and drop 1 floor!
  1658 | D:2      | Reached XP level 3. HP: 16/16 MP: 9/9
  1681 | D:1      | Learned a level 3 spell: Tukima's Dance
  1685 | D:1      | Learned a level 3 spell: Dazzling Flash
  2535 | D:2      | Gained mutation: Your muscles are strong. (Str +2) [potion
                  | of mutation]
  2535 | D:2      | Gained mutation: You are robust. (+10% HP) [potion of
                  | mutation]
  2535 | D:2      | Gained mutation: You are partially covered in large bone
                  | plates. (SH +4) [potion of mutation]
  2922 | D:3      | Reached XP level 4. HP: 23/23 MP: 8/11
  2925 | D:3      | Reached skill level 5 in Hexes
  3428 | D:3      | Found Zakemual's Antique Weapon Shoppe.
  3504 | D:3      | Reached skill level 5 in Spellcasting
  3504 | D:3      | Reached XP level 5. HP: 26/26 MP: 9/13
  3778 | D:4      | Noticed a black bear
  3838 | D:4      | Killed a black bear
  3839 | D:4      | Reached skill level 6 in Hexes
  3839 | D:4      | Reached XP level 6. HP: 27/30 MP: 12/15
  3983 | D:4      | Found Mior's Armour Shop.
  4303 | D:4      | Found an ancient bone altar of Kikubaaqudgha.
  4321 | D:4      | Found a shimmering blue altar of Sif Muna.
  4390 | D:4      | Reached skill level 5 in Stealth
  4821 | D:5      | Entered Level 5 of the Dungeon
  4891 | D:5      | Reached skill level 7 in Hexes
  4891 | D:5      | Reached XP level 7. HP: 35/35 MP: 7/18
  5130 | D:5      | Noticed a yak
  5130 | D:5      | Noticed a yak
  5136 | D:5      | Noticed a yak
  5139 | D:5      | Noticed a yak
  5143 | D:5      | Noticed a yak
  5146 | D:5      | Slain by a yak

Illustrated notes

Levels and vault maps discovered:
D:1:      psy_arrival_radial02, layout_loops_ring, serial_shops,
          nicolae_shop_behind_doors, ebering_ecumenical_altar_box
D:2:      layout_basic
D:3:      layout_basic, serial_shops, shop, hangedman_decor_push
D:4:      layout_basic, mainiacjoe_overflow_swirl, serial_shops, shop_fountains
D:5:      kennysheep_spiral_hall, layout_rooms, lightli_minifort

Skill      XL: |  1  2  3  4  5  6 |
---------------+-------------------+-----
Spellcasting   | 3 4 5 6 |  6.9
Hexes          | 4 5 6 7 |  7.3
Stealth        | 6 |  6.5
Short Blades   | |  1.1
Dodging        | |  2.6

Action                   |  1- 3 |  4- 6 |  7- 9 || total
-------------------------+-------+-------+-------++-------
Melee: Dagger            |   129 |   135 |    41 ||   305
 Cast: Ensorcelled Hiber |    16 |    28 |     2 ||    46
       Tukima's Dance    |       |     2 |       ||     2
  Use: Scroll            |     4 |     4 |     1 ||     9
       Potion            |     3 |     1 |     1 ||     5
 Stab: Invisible         |     2 |       |       ||     2
       Sleeping          |    14 |    22 |     2 ||    38
Armor: Robe              |     7 |    15 |     3 ||    25
Dodge: Dodged            |    96 |    83 |    23 ||   202
Block: Other             |     1 |    20 |     4 ||    25

Table legend: (Time is in decaauts)
 A = Elapsed time spent in this place.
 B = Non-inter-level travel time spent in this place.
 C = Inter-level travel time spent in this place.
 D = Time resting spent in this place.
 E = Time spent auto-exploring this place.
 F = Levels seen in this place.
 G = Mean time per level.
                   A        B        C        D        E       F      G
               +--------+--------+--------+--------+--------+-----+--------+
         Total |   3973 |   3895 |     78 |    878 |   2196 |   5 |  794.6 |
       Dungeon |   3973 |   3895 |     78 |    878 |   2196 |   5 |  794.6 |
               +--------+--------+--------+--------+--------+-----+--------+

Top non-repeatable levels by time:
     D:1: 1527 daAuts
     D:4: 809 daAuts
     D:2: 787 daAuts
     D:3: 612 daAuts
     D:5: 236 daAuts
